 Dungeon Crawl Stone Soup version 0.30.1-9-gdf580d7c3d (webtiles) character file.

Game seed: 2509186831680985647

533 ChadusMaximus the Caller (level 7, -1/46 HPs)
             Began as a Human Summoner on Sept 25, 2023.
             Slain by a wight
             ... wielding a +0 great sword
              (16 damage)
             ... on level 4 of the Dungeon.
             The game lasted 00:07:37 (4137 turns).

ChadusMaximus the Caller (Human Summoner)           Turns: 4137, Time: 00:07:38

Health: -1/46      AC:  2    Str:  9    XL:     7   Next: 49%
Magic:  1/13       EV: 12    Int: 17    God:
Gold:   241        SH:  5    Dex: 13    Spells: 8/14 levels left

rFire   . . .        h - +0 sling
rCold   + . .        (no shield)
rNeg    . . .        a - +0 robe
rPois   .            (no helmet)
rElec   .            (no cloak)
rCorr   .            (no gloves)
SInv    .            (no boots)
Will    .....        q - amulet of reflection
Stlth   ++           i - ring of protection from cold
HPRegen 0.27/turn    (no ring)
MPRegen 0.13/turn

%: reflection
@: no status effects
A: no striking features
a: no special abilities


You were on level 4 of the Dungeon.
You visited 1 branch of the dungeon, and saw 4 of its levels.

You collected 241 gold pieces.

Inventory:

Hand Weapons
 e - a +0 dagger
 h - a +0 sling (weapon)
 w - a +3 flail
Missiles
 s - a throwing net
Armour
 a - a +0 robe (worn)
Jewellery
 i - a ring of protection from cold (left hand)
 p - an amulet of the acrobat
 q - an amulet of reflection (around neck)
Wands
 l - a wand of flame (10)
Scrolls
 c - 4 scrolls of identify {unknown}
 j - a scroll of immolation {unknown}
 k - a scroll of summoning {unknown}
 o - 2 scrolls of magic mapping {unknown}
 r - a scroll of vulnerability {unknown}
 t - a scroll of blinking {unknown}
 u - a scroll of teleportation {unknown}
Potions
 b - a potion of magic
 d - 4 potions of curing {unknown}
 f - a potion of resistance {unknown}
 g - 2 potions of heal wounds {unknown}
 m - a potion of cancellation {unknown}
 n - 2 potions of berserk rage {unknown}
 v - a potion of invisibility {unknown}


   Skills:
 - Level 2.0 Dodging
 - Level 2.0 Stealth
 + Level 4.3 Spellcasting
 * Level 7.3 Summonings


You had 8 spell levels left.
You knew the following spells:

 Your Spells              Type           Power      Damage    Failure   Level
a - Summon Small Mammal   Summ           100%       N/A       1%          1
b - Call Canine Familiar  Summ           28%        N/A       2%          3
c - Call Imp              Summ           56%        N/A       1%          2

Your spell library contained the following spells:

 Spells                   Type           Power      Damage    Failure   Level
 Summon Guardian Golem    Hex/Summ       16%        N/A       10%         3
 Summon Lightning Spire   Summ/Air       16%        N/A       32%         4


Dungeon Overview and Level Annotations

Branches:
Dungeon (4/15)
 Temple: D:4-7

Altars:


Message History

Okay, then.
The wight hits your hound with a +4 short sword!
Your hound dies!
Your hound's corpse disappears in a puff of smoke!
Your cerulean imp hits the wight but does no damage.
Fire: h) +0 sling
Press: ? - help, Q - select action, (/) - cycle Shift-Dir - straight line, f/p - wight
Aim: a wight, wielding a +4 short sword and wearing a +0 robe (almost destroyed, ally target, 52% to hit)
You shoot a sling bullet. The sling bullet hits the wight.
You destroy the wight!
Your cerulean imp hits the wight from afar with a -2 spear.
You block the wight's attack.
Your cerulean imp hits the wight from afar with a -2 spear.
The wight attacks as you move away!
The wight hits you with a +0 great sword!
Your cerulean imp hits the wight from afar with a -2 spear.
Casting: Call Canine Familiar (dangerous; 2% risk of failure)
Confirm with . or Enter, or press ? or * to list all spells.
Okay, then.
Your cerulean imp disappears in a puff of smoke!
The wight attacks as you move away! You block the wight's attack.
The wight attacks as you move away! You block the wight's attack.
The wight attacks as you move away!
The wight hits you with a +0 great sword!
The wight attacks as you move away! You block the wight's attack.
The wight attacks as you move away! You block the wight's attack.
Casting: Call Canine Familiar (dangerous; 2% risk of failure)
Confirm with . or Enter, or press ? or * to list all spells.
The wight misses you.
You swap places.
Your hound barely misses the wight.
You block the wight's attack.
Your hound misses the wight.
Your hound barely misses the wight.
Your hound bites the wight.
The wight attacks as you move away!
The wight hits you with a +0 great sword!
Your hound bites the wight but does no damage.
The wight attacks as you move away! You block the wight's attack.
The wight attacks as you move away!
The wight hits you with a +0 great sword!
You die...

#.##.###.#.#####.#####..#
............#...........#
####.#.........########.#
......................#.#
####.#.#.##.#.........#.#
#.#...##.#.........#.#
####.#...##.#...h.......#
.....#.#.##.#...z.....#.#
....##.#........@.....#.#
....##.####.##.......##.#
..[......##..........##.#
...###.#.#####.......##.#
...# #.#.#
#.###......###### ...#
#.#.# #.###.............
...###.#.#
#.....############
.....#.#.# #......#
...#.#.#.# #.###..#


You could see a wight (ally target) and a friendly hound (summoned).

Vanquished Creatures
  2 wights (D:4)
  An orc priest (D:2)
  A dart slug (D:2)
  2 orcs (D:2)
  4 bats
  4 endoplasms
  4 giant cockroaches
  2 goblins
  3 hobgoblins
  2 quokkas (D:3)
  5 ball pythons
  6 frilled lizards
  5 kobolds
  6 rats
47 creatures vanquished.

Vanquished Creatures (collateral kills)
  Grinder (D:3)
  A jelly (D:4)
  A sleepcap (D:4)
  An orc wizard (D:2)
  4 adders
  2 worms
  4 orcs
  A giant cockroach (D:3)
  3 goblins (D:3)
  3 hobgoblins
  2 quokkas (D:1)
  A ball python (D:1)
  A frilled lizard (D:3)
  2 kobolds
  A rat (D:1)
28 creatures vanquished.

Grand Total: 75 creatures vanquished

Notes
Turn   | Place    | Note
-------+----------+-------------------------------------------
     0 | D:1      | ChadusMaximus the Human Summoner began the quest for the
                  | Orb.
     0 | D:1      | Reached XP level 1. HP: 13/13 MP: 3/3
   331 | D:1      | Reached XP level 2. HP: 14/19 MP: 1/5
  1240 | D:2      | Reached XP level 3. HP: 24/24 MP: 6/6
  1751 | D:2      | Reached skill level 5 in Summonings
  1751 | D:2      | Reached XP level 4. HP: 24/30 MP: 4/8
  1764 | D:2      | Reached XP level 5. HP: 29/35 MP: 4/9
  2174 | D:3      | Noticed Grinder
  2178 | D:3      | Paralysed by Grinder for 5 turns
  2246 | D:3      | Killed Grinder
  2247 | D:3      | Reached skill level 6 in Summonings
  2247 | D:3      | Reached XP level 6. HP: 18/41 MP: 3/11
  2433 | D:3      | Learned a level 3 spell: Call Canine Familiar
  2436 | D:3      | Learned a level 2 spell: Call Imp
  3637 | D:4      | Reached XP level 7. HP: 41/46 MP: 12/12
  3784 | D:4      | Reached skill level 7 in Summonings
  4137 | D:4      | Slain by a wight

Illustrated notes

Levels and vault maps discovered:
D:1:      dpeg_arrival_brainrot, layout_basic, st_stairs_13,
          minmay_misc_feat_chi
D:2:      cheibrodos_pilgrimage, layout_basic
D:3:      layout_loops_cross, serial_forest, infiniplex_forest_clump_tiny,
          infiniplex_forest_clump_double, infiniplex_forest_corner_2,
          infiniplex_forest_straight_2, infiniplex_forest_lined_3,
          infiniplex_forest_straight_4, infiniplex_forest_end_2,
          guppyfry_early_orc_mine, uniq_grinder
D:4:      layout_basic, nicolae_concentric_dashed_squares_wild

Skill      XL: |  1  2  3  4  5  6  7 |
---------------+----------------------+-----
Summonings     | 5 6 7 |  7.3
Spellcasting   | 3 4 |  4.3
Dodging        | |  2.0
Stealth        | |  2.0

Action                     |  1- 3 |  4- 6 |  7- 9 || total
---------------------------+-------+-------+-------++-------
  Melee: Dagger            |    28 |       |       ||    28
         Unarmed           |     2 |       |       ||     2
   Fire: Sling             |    62 |   112 |    20 ||   194
   Cast: Summon Small Mamm |    25 |    17 |     3 ||    45
         Call Canine Famil |       |     8 |    12 ||    20
         Call Imp          |       |     5 |     7 ||    12
 Armour: Robe              |    17 |     4 |     2 ||    23
  Dodge: Dodged            |    52 |    34 |     6 ||    92
  Block: Other             |       |    11 |     9 ||    20
